 Dungeon Crawl Stone Soup version 0.22.0-13-g43fe8f2 (webtiles) character file.

106 mopl the Caller (level 4, -3/32 HPs)
             Began as a Gnoll Summoner on Aug 16, 2018.
             Slain by an ogre
             ... wielding a +0 giant club
              (30 damage)
             ... on level 2 of the Dungeon.
             The game lasted 00:03:46 (1960 turns).

mopl the Caller (Gnoll Summoner)                    Turns: 1960, Time: 00:03:47

Health: -3/32      AC:  2    Str: 11    XL:     4   Next: 84%
Magic:  4/11       EV: 15    Int: 18    God:
Gold:   123        SH:  0    Dex: 15    Spells: 3/13 levels left

rFire    . . .     SeeInvis .   a - +2 dagger (elec)
rCold    . . .     Gourm    .   (no shield)
rNeg     . . .     Faith    .   l - +0 robe
rPois    .         Spirit   .   (no helmet)
rElec    .         Reflect  .   (no cloak)
rCorr    .         Harm     .   (no gloves)
MR       .....                  (no boots)
Stlth    +++.......             (no amulet)
HPRegen  0.10/turn              (no ring)
MPRegen  0.12/turn              (no ring)

@: no status effects
A: distributed training, fangs 1, strong nose
a: no special abilities


You were on level 2 of the Dungeon.
You were hungry.

You visited 1 branch of the dungeon, and saw 2 of its levels.

You collected 123 gold pieces.

Inventory:

Hand Weapons
 a - a +2 dagger of electrocution (weapon)
 b - a +0 spear
Missiles
 g - 73 stones (quivered)
 h - 16 bolts
 m - 28 poisoned needles
 n - 28 sling bullets
Armour
 f - a cursed +0 leather armour
 l - a +0 robe (worn)
Scrolls
 d - a scroll of fear {unknown}
 e - 2 scrolls of magic mapping {unknown}
 i - 2 scrolls of remove curse {unknown}
 k - 2 scrolls of identify {unknown}
 o - a scroll of immolation {unknown}
 p - a scroll of amnesia {unknown}
 t - a scroll of teleportation {unknown}
Potions
 j - a potion of resistance {unknown}
 q - a potion of berserk rage {unknown}
 r - a potion of curing {unknown}
 s - a potion of agility {unknown}
Comestibles
 c - 5 rations


   Skills:
 + Level 1.2 Fighting
 + Level 1.2 Short Blades
 + Level 1.2 Long Blades
 + Level 1.2 Axes
 + Level 1.2 Maces & Flails
 + Level 1.2 Polearms
 + Level 1.2 Staves
 + Level 1.2 Slings
 + Level 1.2 Bows
 + Level 1.2 Crossbows
 + Level 1.2 Throwing
 + Level 1.2 Armour
 + Level 4.7 Dodging
 + Level 4.3 Stealth
 + Level 1.2 Shields
 + Level 1.2 Unarmed Combat
 + Level 5.1 Spellcasting
 + Level 1.0 Conjurations
 + Level 1.0 Hexes
 + Level 1.0 Charms
 + Level 7.1 Summonings
 + Level 1.0 Necromancy
 + Level 1.0 Translocations
 + Level 1.0 Transmutations
 + Level 1.0 Fire Magic
 + Level 1.0 Ice Magic
 + Level 1.0 Air Magic
 + Level 1.0 Earth Magic
 + Level 1.0 Poison Magic
 + Level 1.3 Invocations
 + Level 1.2 Evocations


You had 3 spell levels left.
You knew the following spells:

 Your Spells              Type           Power        Failure   Level  Hunger
a - Summon Small Mammal   Summ           ####         1%          1    None
b - Call Imp              Summ           ####....     1%          2    #......
c - Call Canine Familiar  Summ           ####....     1%          3    ##.....
d - Summon Ice Beast      Ice/Summ       ###.....     24%         4    ####...

Your spell library contained the following spells:

 Spells                   Type           Power        Failure   Level  Hunger
 Summon Lightning Spire   Summ/Air       ###.....     24%         4    ####...
 Summon Guardian Golem    Hex/Summ       ###.....     8%          3    ##.....


Dungeon Overview and Level Annotations

Branches:
Dungeon (2/15)

Altars:
Cheibriados


Innate Abilities, Weirdness & Mutations

Your experience applies equally to all skills.
You have very sharp teeth.
Your uncanny sense of smell can sniff out nearby items.


Message History

The ogre hits your crimson imp with a giant club!
Your crimson imp dies!
Your crimson imp hits the ogre.
Your crimson imp blinks!
Unknown command.
You see here 2 stones.
You hit the ogre.
The ogre is severely wounded.
The ogre closely misses you.
Your crimson imp blinks!
You hit the ogre.
The ogre is almost dead.
The ogre misses you.
You hit the ogre. You punch the ogre.
The ogre is almost dead.
You hit the ogre but do no damage.
The ogre is almost dead.
The ogre hits you with a giant club!!
Ouch! That really hurt!
You die...

#.......# ###.#
#.....(.# ####...#
# #.......#
###....### ##
##...!(.###...####
.# ##...#)##..###
.## #####.#).##
..## ####.§..##
#..##
######....O###
##..###......###@#
##......###### #5#
...##†.....### #5#
##########...# #.#
###.###)# #...#.#
## ###.#.# .#
#...## .#
##...####


You could see an ogre and 2 friendly crimson imps.

Vanquished Creatures
  A gnoll (D:2)
  An adder (D:2)
  An ooze (D:1)
  2 dart slugs (D:2)
  A leopard gecko (D:2)
  2 orcs (D:2)
  3 bats
  A giant cockroach (D:1)
  6 goblins
  5 hobgoblins
  7 jackals (D:2)
  A quokka (D:2)
  A frilled lizard (D:1)
  9 kobolds
  2 rats
43 creatures vanquished.

Vanquished Creatures (collateral kills)
  An adder (D:2)
  3 gnolls
  2 orcs (D:2)
  2 kobolds (D:2)
  A frilled lizard (D:1)
9 creatures vanquished.

Grand Total: 52 creatures vanquished

Notes
Turn   | Place    | Note
-------+----------+-------------------------------------------
     0 | D:1      | mopl the Gnoll Summoner began the quest for the Orb.
     0 | D:1      | Reached XP level 1. HP: 13/13 MP: 6/6
   178 | D:1      | Reached XP level 2. HP: 16/19 MP: 7/7
   238 | D:1      | Learned a level 2 spell: Call Imp
   423 | D:1      | Reached XP level 3. HP: 25/25 MP: 7/9
   706 | D:2      | Learned a level 3 spell: Call Canine Familiar
   722 | D:2      | Reached skill level 5 in Spellcasting
   782 | D:2      | Found a snail-covered altar of Cheibriados.
   923 | D:2      | Reached skill level 1 in Invocations
  1249 | D:2      | Reached skill level 1 in Fighting
  1249 | D:2      | Reached skill level 1 in Short Blades
  1249 | D:2      | Reached skill level 1 in Long Blades
  1249 | D:2      | Reached skill level 1 in Axes
  1249 | D:2      | Reached skill level 1 in Maces & Flails
  1249 | D:2      | Reached skill level 1 in Polearms
  1249 | D:2      | Reached skill level 1 in Staves
  1249 | D:2      | Reached skill level 1 in Slings
  1249 | D:2      | Reached skill level 1 in Bows
  1249 | D:2      | Reached skill level 1 in Crossbows
  1249 | D:2      | Reached skill level 1 in Throwing
  1249 | D:2      | Reached skill level 1 in Armour
  1249 | D:2      | Reached skill level 1 in Shields
  1249 | D:2      | Reached skill level 1 in Unarmed Combat
  1249 | D:2      | Reached skill level 1 in Evocations
  1264 | D:2      | Reached XP level 4. HP: 28/32 MP: 6/11
  1517 | D:2      | Reached skill level 1 in Conjurations
  1517 | D:2      | Reached skill level 1 in Hexes
  1517 | D:2      | Reached skill level 1 in Charms
  1517 | D:2      | Reached skill level 1 in Necromancy
  1517 | D:2      | Reached skill level 1 in Translocations
  1517 | D:2      | Reached skill level 1 in Transmutations
  1517 | D:2      | Reached skill level 1 in Fire Magic
  1517 | D:2      | Reached skill level 1 in Ice Magic
  1517 | D:2      | Reached skill level 1 in Air Magic
  1517 | D:2      | Reached skill level 1 in Earth Magic
  1517 | D:2      | Reached skill level 1 in Poison Magic
  1838 | D:2      | Learned a level 4 spell: Summon Ice Beast
  1922 | D:2      | Noticed an ogre
  1960 | D:2      | Slain by an ogre

Skill      XL: |  1  2  3  4 |
---------------+-------------+-----
Spellcasting   | 5 |  5.1
Invocations    | 1 |  1.3
Fighting       | 1 |  1.2
Short Blades   | 1 |  1.2
Long Blades    | 1 |  1.2
Axes           | 1 |  1.2
Maces & Flails | 1 |  1.2
Polearms       | 1 |  1.2
Staves         | 1 |  1.2
Slings         | 1 |  1.2
Bows           | 1 |  1.2
Crossbows      | 1 |  1.2
Throwing       | 1 |  1.2
Armour         | 1 |  1.2
Shields        | 1 |  1.2
Unarmed Combat | 1 |  1.2
Evocations     | 1 |  1.2
Conjurations   | 1 |  1.0
Hexes          | 1 |  1.0
Charms         | 1 |  1.0
Necromancy     | 1 |  1.0
Translocations | 1 |  1.0
Transmutations | 1 |  1.0
Fire Magic     | 1 |  1.0
Ice Magic      | 1 |  1.0
Air Magic      | 1 |  1.0
Earth Magic    | 1 |  1.0
Poison Magic   | 1 |  1.0
Dodging        | |  4.7
Stealth        | |  4.3
Summonings     | |  7.1

Action                   |  1- 3 |  4- 6 || total
-------------------------+-------+-------++-------
Melee: Dagger            |   122 |    35 ||   157
       Bite              |     8 |       ||     8
       Punch             |       |     1 ||     1
Throw: Stone             |     1 |     3 ||     4
 Cast: Summon Small Mamm |     3 |       ||     3
       Call Imp          |     5 |    12 ||    17
 Stab: Sleeping          |     5 |       ||     5
  Eat: Chunk             |     1 |     2 ||     3
Armor: Robe              |    13 |     2 ||    15
Dodge: Dodged            |    74 |    41 ||   115
